 Dungeon Crawl Stone Soup version 0.28.0-49-g6dfe1f597d (webtiles) character file.

Game seed: 1580882525745011296

0 101zpm the Magician (level 1, -2/15 HPs)
             Began as a Djinni Fire Elementalist on May 15, 2022.
             Slain by a hound skeleton (3 damage)
             ... on level 2 of the Dungeon.
             The game lasted 00:00:32 (90 turns).

101zpm the Magician (Djinni Fire Elementalist)        Turns: 90, Time: 00:00:33

Health: -2/15      AC:  2    Str:  7    XL:     1   Next: 0%
Gold:   0          EV: 12    Int: 16    God:
                   SH:  0    Dex: 13

rFire   + + .      SeeInvis .   (no weapon)
rCold   x . .      Faith    .   (no shield)
rNeg    . . .      Spirit   .   a - +0 robe
rPois   ∞          Reflect  .   (no helmet)
rElec   .          Harm     .   (no cloak)
rCorr   .          Rampage  .   (no gloves)
Will    .....                   (boots unavailable)
Stlth   ++........              (no amulet)
HPRegen 0.05/turn               (no ring)
MPRegen 0.00/turn               (no ring)

@: flying
A: sickness immunity, fire resistance 2, cold vulnerability 1, float, innate
caster, HP casting, extra vitality 1
a: no special abilities


You were on level 2 of the Dungeon.
You visited 1 branch of the dungeon, and saw 2 of its levels.

Inventory:

Armour
 a - a +0 robe (worn)


   Skills:
 + Level 2.1 Dodging
 + Level 1.5 Stealth
 + Level 2.4 Spellcasting


You couldn't memorise any spells.
You knew the following spells:

 Your Spells              Type           Power      Damage    Failure   Level
a - Foxfire               Conj/Fire      36%        2x1d5     8%          1
b - Scorch                Fire           18%        2d6       11%         2
c - Conjure Flame         Conj/Fire      9%         6-21      22%         3
d - Inner Flame           Hex/Fire       9%         N/A       22%         3
e - Flame Wave            Conj/Fire      9%         2d5       58%         4
Your spell library was empty.

Dungeon Overview and Level Annotations

Branches:
Dungeon (2/15)

Altars:


Innate Abilities, Weirdness & Mutations

You are immune to sickness and miasma.
You are immune to poison.
Your flesh is very heat resistant. (rF++)
You are vulnerable to cold. (rC-)
You float through the air rather than walking.
You learn spells naturally, not from books.
Your magical power is your life essence.
You have superior vitality. (+4 MHP)


Message History

Confirm with . or Enter, or press ? or * to list all spells.
You aren't experienced enough to cast this spell.
There is not enough space to conjure foxfire!
The foxfire hits the hound skeleton.
The hound skeleton is lightly damaged.
There is not enough space to conjure foxfire!
You hit the hound skeleton.
The hound skeleton is lightly damaged.
The hound skeleton bites you but does no damage.
Your foxfire dissipates!
The hound skeleton bites you.
You conjure some foxfire!
The hound skeleton bites you.
You conjure some foxfire!
The hound skeleton bites you. x2
You are too injured to fight recklessly!
The foxfire hits the hound skeleton.
The hound skeleton is moderately damaged.
The foxfire hits the hound skeleton.
The hound skeleton is moderately damaged.
The foxfire hits the hound skeleton.
The hound skeleton is heavily damaged.
The foxfire hits the hound skeleton.
The hound skeleton is severely damaged.
The hound skeleton barely misses you.
You are too injured to fight recklessly!
Casting: Foxfire (safe; 8% risk of failure)
Press: ? - help, Q - select action, (/) - cycle Dir - look around, f - activate You conjure some foxfire!
* * * LOW HITPOINT WARNING * * *
The hound skeleton bites you.
* * * LOW HITPOINT WARNING * * *
The foxfire hits the hound skeleton.
The hound skeleton is severely damaged.
The foxfire hits the hound skeleton.
The hound skeleton is almost destroyed.
Casting: Foxfire (safe; 8% risk of failure)
Press: ? - help, Q - select action, (/) - cycle Dir - look around, f - activate You conjure some foxfire!
* * * LOW HITPOINT WARNING * * *
The hound skeleton bites you.
You die...

#.#..##.# #.##.##.#
#.##.##.# ≈ #.......# ≈.
#.......# ≈.≈ #.##.##.###
≈.≈≈ #.##......#######
≈.≈..
#.#####.#.#....v####..≈...
#.......#.#.#.@Z......#
#########.....#v######.#
###.###.# #.###.# #.....#
#######


You could see a hound skeleton (ally target).

Vanquished Creatures (others)
  7 foxfires (D:2)
7 creatures vanquished.

Notes
Turn   | Place    | Note
-------+----------+-------------------------------------------
     0 | D:1      | 101zpm the Djinni Fire Elementalist began the quest for the
                  | Orb.
     0 | D:1      | Reached XP level 1. HP: 15/15 MP: 0/0
    90 | D:2      | Slain by a hound skeleton

Illustrated notes

Levels and vault maps discovered:
D:1:      minmay_arrival_up_and_down, layout_loops_corners, minmay_door_square,
          st_stairs_13, chequers_decorated_corner
D:2:      layout_loops_cross, shapermc_ecumenical_altar_starsandcircs,
          uniq_terence

Action                   || total
-------------------------++-------
Melee: Unarmed           ||     1
 Cast: Foxfire           ||     5
Armor: Robe              ||     1
Dodge: Dodged            ||     1
